 Dungeon Crawl Stone Soup version 0.32-a0-791-gfc315c9ecd (webtiles) character file.

Game seed: 9844450538587205739

56658 jasper the Severer (level 14, -4/116 HPs)
             Began as a Human Fighter on Mar 20, 2024.
             Was a High Priest of Okawaru.
             Slain by an orc wizard
             ... wielding a +0 dagger
             ... led by an orc knight
              (5 damage)
             ... on level 1 of the Orcish Mines.
             The game lasted 00:31:34 (20691 turns).

jasper the Severer (Human Fighter)                 Turns: 20691, Time: 00:31:35

Health: -4/116     AC: 31    Str: 22    XL:     14   Next: 82%
Magic:  13/20      EV:  8    Int:  9    God:    Okawaru [*****.]
Gold:   1136       SH:  0    Dex: 12    Spells: 13/13 levels left

rFire   . . .        R - +9 executioner's axe of Day {flame, *Corrode Fly rElec rN+ Int+3}
rCold   + . .        (shield currently unavailable)
rNeg    + + +        s - +10 plate armour "Uritac" {rElec rPois}
rPois   +            h - +2 hat
rElec   +            T - scarf "Qurant" {shadows, rPois rN+ Regen+ Int-3}
rCorr   .            k - +0 pair of gloves
SInv    .            H - +2 pair of boots
Will    +....        (no amulet) Stlth
                     v - ring of positive energy
HPRegen 1.19/turn    J - ring of protection from cold
MPRegen 0.17/turn

%: corrode self (3%)
@: heroic, finesse-ful, corroded, flying
A: explore regen
a: Renounce Religion, Heroism, Finesse, Duel


You were on level 1 of the Orcish Mines.
You worshipped Okawaru.
Okawaru was extremely pleased with you.
You visited 4 branches of the dungeon, and saw 19 of its levels.
You also visited: Ossuary.

You collected 1528 gold pieces.
You spent 392 gold pieces at shops.

Inventory:

Hand Weapons
 o - a +1 heavy battleaxe
 Q - a +4 battleaxe
 R - the +9 executioner's axe of Day (weapon) {flame, *Corrode Fly rElec rN+ Int+3}
   (Okawaru gifted it to you on level 5 of the Lair of Beasts)

   Int+3:     It affects your intelligence (+3).
   rElec:     It insulates you from electricity.
   rN+:       It protects you from negative energy.
   Fly:       It grants you flight.
   *Corrode:  It may corrode you when you take damage.
Missiles
 b - 2 curare-tipped darts
 g - 146 stones
 i - 14 poisoned darts
 x - a dart of dispersal
 A - 17 boomerangs (quivered)
 I - 2 throwing nets
 S - 6 javelins
 X - 5 silver javelins
 Z - 9 atropa-tipped darts
Armour
 h - a +2 hat (worn)
 k - a +0 pair of gloves (worn)
 s - the +10 plate armour "Uritac" (worn) {rElec rPois}
   (You found it on level 3 of the Dungeon)

   rElec:     It insulates you from electricity.
   rPois:     It protects you from poison.
 y - a +0 helmet
 H - a +2 pair of boots (worn)
 T - the scarf "Qurant" (worn) {shadows, rPois rN+ Regen+ Int-3}
   (Okawaru gifted it to you on level 5 of the Lair of Beasts)

   Int-3:     It affects your intelligence (-3).
   rPois:     It protects you from poison.
   rN+:       It protects you from negative energy.
   Regen+:    It increases your rate of health regeneration.
 V - a +0 pair of boots of flying
Jewellery
 v - a ring of positive energy (left hand)
 J - a ring of protection from cold (right hand)
 M - a +6 ring of dexterity
 U - a ring of ice
Wands
 m - a wand of warping (16)
 u - a wand of digging (2)
 G - a wand of paralysis (22)
 K - a wand of polymorph (9)
Scrolls
 f - 5 scrolls of noise
 p - 2 scrolls of vulnerability
 q - 5 scrolls of enchant armour
 r - a scroll of enchant weapon
 t - 2 scrolls of revelation
 w - 4 scrolls of teleportation
 B - 3 scrolls of blinking
 C - a scroll of poison
 D - 3 scrolls of fog
 F - 2 scrolls of immolation
 L - a scroll of torment
 P - a scroll of fear
Potions
 a - 3 potions of berserk rage
 c - a potion of lignification
 d - 5 potions of might
 e - 4 potions of curing
 j - 3 potions of mutation
 l - 3 potions of heal wounds
 n - 6 potions of haste
 z - 2 potions of magic
 E - 4 potions of enlightenment
 N - 2 potions of invisibility
 O - a potion of ambrosia {unknown}
 W - a potion of attraction
 Y - a potion of brilliance


   Skills:
 + Level 12.6(17.6) Fighting
 * Level 17.7(22.7) Axes
 - Level 5.0(10.0) Throwing
 + Level 11.6(16.6) Armour
 - Level 3.0(8.0) Shields
 - Level 8.0 Invocations


You had 13 spell levels left.
You didn't know any spells.
Your spell library contained the following spells:

 Spells                   Type           Power      Damage    Failure   Level
 Slow                     Hex            0%         N/A       98%         1
 Confusing Touch          Hex            0%         N/A       100%        3
 Fugue of the Fallen      Necr           0%         N/A       100%        3
 Ozocubu's Armour         Ice            0%         N/A       100%        3
 Sigil of Binding         Hex            0%         N/A       100%        3
 Vampiric Draining        Necr           0%         2d6       100%        3
 Dimensional Bullseye     Hex/Tloc       0%         N/A       100%        4
 Iskenderun's Mystic Bla  Conj/Tloc      0%         2d3       100%        4
 Leda's Liquefaction      Alch/Erth      0%         N/A       100%        4
 Manifold Assault         Tloc           0%         N/A       100%        4
 Petrify                  Alch/Erth      0%         N/A       100%        4
 Vhi's Electric Charge    Tloc/Air       0%         N/A       100%        4
 Arcjolt                  Conj/Air       0%         1d10      100%        5
 Metabolic Englaciation   Hex/Ice        0%         N/A       100%        5
 Plasma Beam              Fire/Air       0%         2x1d10    100%        6
 Tukima's Dance           Hex            Unusable   N/A       N/A         3
 Death Channel            Necr           Unusable   N/A       N/A         6
 Sculpt Simulacrum        Ice/Alch       Unusable   N/A       N/A         6

Dungeon Overview and Level Annotations

Branches:
Dungeon (11/15)            Temple (1/1) D:7            Lair (5/5) D:11
  Swamp (0/4) Lair:3        Snake (0/4) Lair:2        Slime (0/5) Lair:4
    Orc (2/2) D:11            Elf (0/3) Orc:2       Ossuary (visited)

Altars:
Ashenzari
Cheibriados
Dithmenos
Elyvilon
Fedhas
Gozag
Hepliaklqana
Kikubaaqudgha
Makhleb
Nemelex Xobeh
Okawaru
Qazlal
Ru
Sif Muna
Trog
Uskayaw
Vehumet
Wu Jian
Xom
Yredelemnul
Zin
The Shining One
Beogh
Jiyva

Shops:
D:3 (   D:6 *   D:9 *   Orc:2 :

Annotations:
D:4 Natasha
D:11 2 transporters
Lair:4 exclusion: oklob plant


Innate Abilities, Weirdness & Mutations

You regain HP and MP as you explore.


Message History

You barely miss the orc knight.
The orc knight is moderately wounded.
You slice the orc warrior!! You burn the orc warrior!
You hit the warg but do no damage. You closely miss something.
You closely miss the troll. The warg bites you!
The orc warrior hits you with a +0 long sword!
The warg bites you! Something hits you but does no damage.
The troll bites you but does no damage.
The troll claws you but does no damage. x2
The orc knight hits you with a +1 war axe of flaming!
The orc knight burns you.
You take 43 damage, and have 45/116 hp.
MASSIVE DAMAGE!!
You closely miss the orc knight.
The orc knight is moderately wounded.
You completely miss the troll. You hit the troll. You burn the troll.
You hit the orc warrior. You burn the orc warrior.
You kill the orc warrior!
Okawaru accepts your kill.
You hit the warg but do no damage. You barely miss something.
The warg bites you. Something hits you but does no damage.
The orc knight closely misses you. The troll barely misses you. x2
The troll claws you but does no damage. The troll barely misses you.
The troll closely misses you. The troll claws you but does no damage.
You take 3 damage, and have 42/116 hp.
You gain the combat prowess of a mighty hero.
The warg bites you. Something hits you but does no damage.
The warg bites you but does no damage.
The orc knight hits you with a +1 war axe of flaming!
* * * LOW HITPOINT WARNING * * *
The orc knight burns you.
* * * LOW HITPOINT WARNING * * *
The troll bites you but does no damage.
The troll claws you but does no damage. x2
The troll bites you but does no damage. The troll barely misses you.
The troll claws you!
* * * LOW HITPOINT WARNING * * *
You take 28 damage, and have 14/116 hp.
MASSIVE DAMAGE!!
You now have 18/20 mp.
You can now deal lightning-fast blows.
The warg bites you!
* * * LOW HITPOINT WARNING * * *
Something hits you.
You die...

............#
.........$..#
.............
.............
.............
......Th.....
......@o.....
#....T)..$...
........##...
.......## ..
........
....#...
#.####.$


You could see an orc knight, 2 trolls and a warg.

Vanquished Creatures
  Harold (D:11)
  5 hydras
  2 catoblepae (Lair:5)
  2 boulder beetles
  A two-headed ogre (D:9)
  10 death yaks
  A deep troll shaman (Lair:5)
  Urug (D:10)
  Pikel (D:8)
  A lindwurm (Lair:5)
  2 bog bodies (Lair:3)
  2 obsidian bats (Orc:2)
  3 manticores (D:11)
  4 orc sorcerers (Orc:2)
  An oklob plant (Lair:3)
  14 elephants
  5 kobold blastminers
  5 black mambas
  9 cane toads
  3 rime drakes
  10 komodo dragons
  Psyche (D:8)
  2 ice devils (D:10)
  An efreet (D:11)
  A hellwing (D:10)
  A troll (D:10)
  4 polar bears
  Prince Ribbit (D:8)
  24 dream sheep
  A hornet (D:9)
  2 blink frogs
  A wraith (D:11)
  A human (Lair:4)
  5 basilisks
  26 yaks
  4 wyverns
  2 wargs (Orc:2)
  4 vampire mosquitoes (D:10)
  2 neqoxecs (D:10)
  A naga (Lair:2)
  An acid dragon (D:11)
  18 water moccasins
  13 orc warriors
  2 sky beasts (D:7)
  4 black bears
  3 ice beasts
  3 ogres
  2 centaurs (D:10)
  26 wolves
  3 lemures (D:8)
  A weeping skull (Ossuary)
  A gnoll sergeant (D:5)
  15 bullfrogs
  2 scorpions
  4 water moccasin zombies (Ossuary)
  2 jellies
  7 wights
  6 killer bees (D:10)
  5 howler monkeys
  A crimson imp (D:5)
  9 orc priests
  A bombardier beetle (D:5)
  4 hounds
  A gnoll bouda (D:7)
  2 iguanas
  Natasha (D:4)
  6 orc wizards
  2 hell rats (D:8)
  3 crocodile zombies (Ossuary)
  2 mummies (Ossuary)
  13 gnolls
  12 adders
  7 river rats (D:8)
  A shadow imp (D:7)
  2 white imps
  3 adder zombies (Ossuary)
  2 ribbon worms (D:4)
  7 dart slugs
  50 orcs
  6 endoplasms
  5 giant cockroaches
  13 gnoll zombies (Ossuary)
  12 goblins
  9 hobgoblins
  9 jackals
  12 quokkas
  7 ball pythons
  6 bats
  3 frilled lizards
  A goblin zombie (D:5)
  4 jackal zombies (Ossuary)
  4 kobolds
  5 orc zombies (Ossuary)
  25 rats
  A rat zombie (D:5)
536 creatures vanquished.

Vanquished Creatures (others)
  An orc wizard (D:5)
1 creature vanquished.

Grand Total: 537 creatures vanquished

Notes
Turn   | Place    | Note
-------+----------+-------------------------------------------
     0 | D:1      | jasper the Human Fighter began the quest for the Orb.
     0 | D:1      | Reached XP level 1. HP: 18/18 MP: 1/1
    53 | D:1      | Reached XP level 2. HP: 24/24 MP: 2/2
    78 | D:1      | Reached skill level 3 in Axes
   149 | D:1      | Reached XP level 3. HP: 25/29 MP: 3/3
   897 | D:2      | Reached XP level 4. HP: 37/37 MP: 4/4
  1342 | D:3      | Reached XP level 5. HP: 43/43 MP: 5/5
  1429 | D:3      | Reached skill level 5 in Fighting
  1547 | D:3      | Reached XP level 6. HP: 18/52 MP: 6/6
  1999 | D:3      | Found Isahut Ober's Weapon Shop.
  2051 | D:3      | Identified the +10 plate armour "Uritac" {rElec rPois}
  2281 | D:4      | Noticed Natasha
  2300 | D:4      | Reached skill level 4 in Axes
  2302 | D:4      | Killed Natasha
  2547 | D:4      | Noticed Natasha
  2681 | D:4      | Identified the +2 robe "March" {+Blink Stlth+}
  2814 | D:4      | Reached skill level 5 in Axes
  2814 | D:4      | Reached XP level 7. HP: 58/58 MP: 7/7
  2874 | D:5      | Entered Level 5 of the Dungeon
  3020 | D:5      | Reached skill level 6 in Axes
  3301 | D:5      | Reached skill level 7 in Axes
  3301 | D:5      | Reached XP level 8. HP: 55/64 MP: 8/8
  3415 | D:5      | Found a sand-covered staircase.
  3422 | Ossuary  | Entered an ossuary
  3539 | Ossuary  | Reached skill level 8 in Axes
  3631 | Ossuary  | Reached skill level 9 in Axes
  4402 | D:5      | Reached XP level 9. HP: 65/70 MP: 9/9
  4593 | D:6      | Found Yhi Uwew's General Store.
  4599 | D:6      | Bought a potion of haste for 140 gold pieces
  4599 | D:6      | Bought a scroll of blinking for 105 gold pieces
  4599 | D:6      | Bought a scroll of teleportation for 42 gold pieces
  5032 | D:6      | Reached skill level 10 in Axes
  6099 | D:7      | Found a staircase to the Ecumenical Temple.
  6107 | Temple   | Entered the Ecumenical Temple
  6118 | Temple   | Became a worshipper of Warmaster Okawaru
  6626 | D:8      | Noticed Psyche
  6637 | D:8      | Killed Psyche
  6638 | D:8      | Reached skill level 5 in Armour
  6800 | D:8      | Reached skill level 11 in Axes
  6860 | D:8      | Reached * piety under Okawaru
  6989 | D:8      | Noticed Prince Ribbit
  6999 | D:8      | Reached XP level 10. HP: 48/79 MP: 10/10
  7025 | D:8      | Killed Prince Ribbit
  7648 | D:8      | Noticed Pikel
  7662 | D:8      | Killed Pikel
  7662 | D:8      | Reached ** piety under Okawaru
  7770 | D:8      | Found a roughly hewn altar of Beogh.
  7924 | D:9      | Found Kerel's General Store.
  7939 | D:8      | Reached skill level 12 in Axes
  8015 | D:9      | Found a shimmering altar of Xom.
  8116 | D:9      | Noticed a two-headed ogre
  8134 | D:9      | Killed a two-headed ogre
  8134 | D:9      | Reached *** piety under Okawaru
  8297 | D:9      | Bought a scroll of fog for 60 gold pieces
  8297 | D:9      | Bought a scroll of noise for 15 gold pieces
  8297 | D:9      | Bought a scroll of identify for 30 gold pieces
  8337 | D:9      | Paralysed by a hornet for 3 turns
  8349 | D:9      | Reached XP level 11. HP: 37/87 MP: 11/11
  8496 | D:9      | Found a sacrificial altar of Ru.
  8781 | D:10     | Entered Level 10 of the Dungeon
  8819 | D:10     | Reached skill level 13 in Axes
  8981 | D:10     | Noticed a boulder beetle
  9013 | D:10     | Killed a boulder beetle
  9227 | D:10     | Reached **** piety under Okawaru
  9348 | D:10     | Noticed Urug
  9361 | D:10     | Killed Urug
  9722 | D:10     | Reached skill level 5 in Invocations
 10242 | D:11     | Noticed a manticore
 10255 | D:11     | Killed a manticore
 10570 | D:11     | Reached skill level 1 in Throwing
 10572 | D:11     | Found a staircase to the Lair.
 10844 | D:11     | Found a transporter.
 10857 | D:11     | Noticed a manticore
 10872 | D:11     | Killed a manticore
 10873 | D:11     | Reached XP level 12. HP: 21/95 MP: 18/18
 11089 | D:11     | Found a staircase to the Orcish Mines.
 11177 | D:11     | Found a transporter.
 11241 | D:11     | Noticed Harold
 11251 | D:11     | Killed Harold
 11453 | Lair:1   | Entered Level 1 of the Lair of Beasts
 11490 | Lair:1   | Noticed a five-headed hydra
 11503 | Lair:1   | Killed a one-headed hydra
 11503 | Lair:1   | Reached ***** piety under Okawaru
 11504 | Lair:1   | Reached skill level 5 in Throwing
 11678 | Lair:1   | Noticed a boulder beetle
 11697 | Lair:1   | Killed a boulder beetle
 12456 | Lair:1   | Reached skill level 14 in Axes
 12960 | Lair:2   | Received a gift from Okawaru
 13233 | Lair:2   | Reached skill level 10 in Fighting
 13954 | Lair:2   | Reached XP level 13. HP: 87/104 MP: 19/19
 14305 | Lair:2   | Found a staircase to the Snake Pit.
 14563 | Lair:2   | Received a gift from Okawaru
 14566 | Lair:2   | Reached skill level 15 in Axes
 14928 | Lair:3   | Found a staircase to the Swamp.
 15020 | Lair:3   | Received a gift from Okawaru
 15278 | Lair:3   | Noticed Sonja
 15279 | Lair:3   | Sonja changed into Sonja the blink frog
 15279 | Lair:3   | Noticed Sonja
 15287 | Lair:3   | Killed Sonja the blink frog
 15493 | Lair:3   | Reached skill level 10 in Armour
 16550 | Lair:4   | Noticed Nessos
 16551 | Lair:4   | Nessos changed into Nessos the human
 16551 | Lair:4   | Noticed Nessos
 16558 | Lair:4   | Killed Nessos the human
 16559 | Lair:4   | Reached skill level 16 in Axes
 16627 | Lair:4   | Received a gift from Okawaru
 17052 | Lair:4   | Found a staircase to the Slime Pits.
 17065 | Lair:4   | Found a viscous altar of Jiyva.
 17706 | Lair:5   | Entered Level 5 of the Lair of Beasts
 17776 | Lair:5   | Reached XP level 14. HP: 103/113 MP: 20/20
 18210 | Lair:5   | Received a gift from Okawaru
 18616 | Lair:5   | Reached skill level 17 in Axes
 18893 | Lair:5   | Received a gift from Okawaru
 19035 | Lair:5   | Reached ****** piety under Okawaru
 19040 | Lair:5   | Acquired the +9 executioner's axe of Day {flame, *Corrode
                  | Fly rElec rN+ Int+3}
 19040 | Lair:5   | Received a gift from Okawaru
 19042 | Lair:5   | Acquired the scarf "Qurant" {shadows, rPois rN+ Regen+
                  | Int-3}
 19042 | Lair:5   | Received a gift from Okawaru
 19298 | Lair:5   | Identified the +6 dagger of Guyl {flame, rF- rN+ MP+9 Int+3
                  | Dex+2}
 19739 | Orc:1    | Entered Level 1 of the Orcish Mines
 19810 | Orc:2    | Entered Level 2 of the Orcish Mines
 20089 | Orc:1    | Received a gift from Okawaru
 20376 | Orc:2    | Found Ymiddar's Book Shop.
 20423 | Orc:2    | Found a staircase to the Elven Halls.
 20604 | Orc:2    | Paralysed by an orc sorcerer for 2 turns
 20611 | Orc:2    | Paralysed by an orc sorcerer for 3 turns
 20691 | Orc:1    | HP: 1/116 [warg (14)]
 20691 | Orc:1    | Slain by an orc wizard

Illustrated notes

Levels and vault maps discovered:
D:1:      pf_arrival_petrified_forest, layout_loops_ring
D:2:      layout_rooms, grunt_ministairs_4, chequers_serial_rivers_micro_c
D:3:      layout_basic, serial_shops, nicolae_shop_real_fake_doors
D:4:      layout_basic, st_stairs_8, uniq_natasha
D:5:      black_bear_nest_1, layout_basic, enter_ossuary_4,
          minmay_fire_ice_demons
D:6:      layout_basic, serial_shops, shop, minmay_misc_feat_roman
D:7:      layout_loops_corners, minmay_temple_entry_tees
D:8:      lemuel_ratsnest, layout_gridville, special_room [special_room_orc],
          nicolae_sextant, uniq_psyche, uniq_pikel, uniq_prince_ribbit1
D:9:      layout_rooms, mainiacjoe_overflow_six_doors_small, xom_butterflies,
          nicolae_stop_n_shop_1
D:10:     layout_roguey, serial_corexii_hall, chequers_hall_statues_y,
          corexii_hall_statues_s, nicolae_neqoxec_dot_bat, uniq_urug
D:11:     gammafunk_cloud_chamber, layout_cave_pools, dpeg_lair_monsters,
          uniq_harold
Temple:   nicolae_temple_bog_church
Lair:1:   layout_cave_pods, nzn_sisyphean_effort, infiniplex_staircase_pool_2
Lair:2:   layout_layer_cave, guppyfry_snake_entry_island, lemuel_fruit_fields
Lair:3:   layout_layer_cave, skrybe_swamp_entry_bodies, grunt_megastairs_4,
          lemuel_fruit_fields, uniq_sonja
Lair:4:   layout_cave_pods, slime_entry_1, eino_small_chamber_without_monster,
          serial_bayou_ford_a, uniq_nessos
Lair:5:   grunt_lair_end_beastmaster, layout_gridlike
Orc:1:    layout_caves, blackcustard_mines_bat_river
Orc:2:    grunt_orc_gardens, layout_caves, grunt_orc_garden, grunt_orc_garden,
          grunt_orc_garden, grunt_orc_garden

Skill      XL: |  1  2  3  4  5  6  7  8  9 10 11 12 13 14 |
---------------+-------------------------------------------+-----
Axes           | 3 5 7 9 11 12 13 14 16 17 | 17.7
Fighting       | 4 5 6 7 8 9 10 11 12 | 12.6
Armour         | 5 7 9 10 11 | 11.6
Invocations    | 8 |  8.0
Throwing       | 3 5 |  5.0
Shields        | |  3.0

Action                     |  1- 3 |  4- 6 |  7- 9 | 10-12 | 13-15 || total
---------------------------+-------+-------+-------+-------+-------++-------
  Melee: War axe           |    88 |   202 |   492 |   360 |       ||  1142
         Battleaxe         |       |       |       |   322 |   321 ||   643
         Hand axe          |       |       |       |     8 |    18 ||    26
         Executioner's axe |       |       |       |       |   111 ||   111
  Throw: Stone             |       |       |     3 |     6 |       ||     9
         Boomerang         |       |       |       |    40 |    95 ||   135
         Throwing net      |       |       |       |     1 |       ||     1
 Invoke: Heroism           |       |       |       |     6 |     2 ||     8
         Finesse           |       |       |       |     2 |     4 ||     6
         Receive Weapon    |       |       |       |       |     1 ||     1
         Receive Armour    |       |       |       |       |     1 ||     1
  Evoke: Wand              |       |       |       |     4 |     2 ||     6
    Use: Scroll            |     4 |     7 |     9 |     3 |     3 ||    26
         Potion            |       |     1 |       |     4 |     2 ||     7
   Stab: Paralysed         |       |       |       |     6 |       ||     6
         Invisible         |       |       |       |     5 |       ||     5
         Held in net/web   |       |       |       |     2 |       ||     2
         Petrifying        |       |       |       |     1 |     1 ||     2
         Petrified         |       |       |       |       |    10 ||    10
 Armour: Scale mail        |    78 |   107 |       |       |       ||   185
         Plate armour      |       |    71 |   445 |   771 |   771 ||  2058
  Dodge: Dodged            |    41 |    84 |    88 |   176 |   199 ||   588
  Block: Buckler           |    20 |    52 |   114 |    72 |       ||   258

Table legend: (Time is in decaauts)
 A = Elapsed time spent in this place.
 B = Non-inter-level travel time spent in this place.
 C = Inter-level travel time spent in this place.
 D = Time resting spent in this place.
 E = Time spent auto-exploring this place.
 F = Levels seen in this place.
 G = Mean time per level.
                   A        B        C        D        E       F      G
               +--------+--------+--------+--------+--------+-----+--------+
         Total |  20794 |  20217 |    577 |   2170 |  13792 |  20 | 1039.7 |
       Dungeon |  11150 |  10868 |    282 |    632 |   7854 |  11 | 1013.6 |
        Temple |     24 |      3 |     21 |      0 |      0 |   1 |   24.0 |
          Lair |   8236 |   7996 |    240 |   1269 |   5368 |   5 | 1647.2 |
  Orcish Mines |    961 |    928 |     33 |    188 |    486 |   2 |  480.5 |
       Ossuary |    423 |    423 |      0 |     81 |     84 |   1 |  423.0 |
               +--------+--------+--------+--------+--------+-----+--------+

Top non-repeatable levels by time:
  Lair:3: 1995 daAuts
  Lair:5: 1887 daAuts
  Lair:2: 1637 daAuts
  Lair:1: 1510 daAuts
    D:10: 1421 daAuts
     D:8: 1406 daAuts
     D:5: 1285 daAuts
    D:11: 1248 daAuts
  Lair:4: 1205 daAuts
     D:6: 1092 daAuts
     D:7: 937 daAuts
     D:3: 902 daAuts
     D:1: 896 daAuts
     D:9: 767 daAuts
     D:4: 706 daAuts
